 Dungeon Crawl Stone Soup version 0.30-a0-760-g5a9884bb7c (webtiles) character file.

Game seed: 14882923835129546175

1768 hikkokomori the Trooper (level 8, -4/69 HPs)
             Began as a Red Draconian Transmuter on Feb 11, 2023.
             Was an Initiate of Ashenzari.
             Slain by an iguana (10 damage)
             ... on level 6 of the Dungeon.
             The game lasted 00:10:47 (5415 turns).

hikkokomori the Trooper (Red Draconian Transmuter)  Turns: 5415, Time: 00:10:48

Health: -4/69      AC: 11    Str: 15    XL:     8   Next: 80%
Magic:  7/11       EV: 12    Int: 13    God:    Ashenzari [......]
Gold:   284        SH:  0    Dex: 12    Spells: 2/11 levels left

rFire   + . .      SeeInvis .    k - +2 whip (elec)
rCold   . . .      Faith    .    (no shield)
rNeg    + . .      Spirit   .    (body armour unavailable)
rPois   .          Reflect  .    (helmet restricted)
rElec   .          Harm     .    E - +2 cloak
rCorr   .          Rampage  .    l - +1 pair of gloves
Will    .....                    (no boots)
Stlth   ++                       (no amulet)
HPRegen 0.31/turn                h - ring of wizardry
MPRegen 0.12/turn                D - ring of positive energy

@: mighty, short of breath
A: breathe fire, AC +6, unfitting armour, fire resistance 1, cold-blooded
a: Breathe Fire, Renounce Religion


You were on level 6 of the Dungeon.
You worshipped Ashenzari.
Ashenzari was noncommittal.
You visited 2 branches of the dungeon, and saw 7 of its levels.

You collected 284 gold pieces.

Inventory:

Hand Weapons
 d - a +0 broad axe
 k - a +2 whip of electrocution (weapon)
 v - the +7 mace of Leowkor {drain, rPois Will- Dex+8 Stlth+}
   (You found it on level 4 of the Dungeon)

   Dex:       It affects your dexterity (+8).
   rPois:     It protects you from poison.
   Will:      It decreases your willpower.
   Stlth:     It makes you more stealthy.
Missiles
 s - a throwing net
Armour
 l - a +1 pair of gloves (worn)
 w - a +0 cloak
 E - a +2 cloak (worn)
Jewellery
 h - a ring of wizardry (left hand)
 D - a ring of positive energy (right hand)
Scrolls
 b - a scroll of butterflies {unknown}
 g - a scroll of amnesia {unknown}
 j - a scroll of immolation {unknown}
 o - a scroll of fog
 q - a scroll of enchant armour
 t - 2 scrolls of teleportation
 u - a scroll of brand weapon {unknown}
 y - 3 scrolls of fear {unknown}
 B - a scroll of vulnerability {unknown}
 F - 2 scrolls of identify
Potions
 a - a potion of lignification
 c - 6 potions of degeneration
 e - 2 potions of magic
 f - 3 potions of might
 i - 3 potions of haste {unknown}
 m - 3 potions of curing
 n - 6 potions of attraction
 p - a potion of ambrosia {unknown}
 r - a potion of berserk rage {unknown}
 x - a potion of mutation
 z - a potion of brilliance {unknown}
 A - a potion of flight {unknown}
 C - 3 potions of cancellation {unknown}


   Skills:
 + Level 5.6 Fighting
 + Level 4.7 Maces & Flails
 - Level 3.1 Dodging
 + Level 3.9 Stealth
 - Level 3.3 Unarmed Combat
 - Level 2.4 Spellcasting
 + Level 3.4 Conjurations
 - Level 3.4 Transmutations
 + Level 4.2 Fire Magic
 - Level 2.7 Earth Magic


You had 2 spell levels left.
You knew the following spells:

 Your Spells              Type           Power      Damage    Failure   Level
a - Beastly Appendage     Tmut           20%        N/A       2%          1
b - Wereblood             Tmut           10%        N/A       3%          2
c - Passwall              Tmut/Erth      7%         N/A       4%          2
d - Sticky Flame          Conj/Fire      11%        2d3       21%         4

Your spell library contained the following spells:

 Spells                   Type           Power      Damage    Failure   Level
 Sandblast                Erth           16%        2d6       3%          1
 Stone Arrow              Conj/Erth      18%        3d8       9%          3
 Ignite Poison            Fire/Tmut/Pois 8%         N/A       11%         3
 Spider Form              Tmut/Pois      6%         N/A       14%         3
 Ice Form                 Ice/Tmut       6%         N/A       41%         4
 Borgnjor's Revivificati  Necr           0%         N/A       100%        8
 Ignition                 Fire           6%         3d4       100%        8
 Necromutation            Tmut/Necr      3%         N/A       100%        8
 Death's Door             Necr           0%         N/A       100%        9


Dungeon Overview and Level Annotations

Branches:
Dungeon (6/15)             Temple (1/1) D:5

Altars:
Ashenzari
Dithmenos
Elyvilon
Fedhas
Gozag
Kikubaaqudgha
Nemelex Xobeh
Okawaru
Qazlal
Ru
Sif Muna
Vehumet
Wu Jian
Xom
Yredelemnul
Zin
The Shining One


Innate Abilities, Weirdness & Mutations

You can breathe blasts of fire.
Your fiery red scales are hard. (AC +6)
You cannot fit into any form of body armour.
Your flesh is heat resistant. (rF+)
You are cold-blooded and may be slowed by cold attacks.


Message History

Confirm with . or Enter, or press ? or * to list all spells.
Aiming: Sticky Flame (dangerous; 21% risk of failure)
Press: ? - help, Shift-Dir - straight line, f - orc warrior, p - phantom
Aim: an orc warrior, wielding a +0 halberd and wearing a +0 plate armour The sticky flame hits the orc warrior.
The orc warrior is lightly wounded.
The orc warrior is covered in liquid flames!
The orc warrior burns!
The orc warrior hits you with a +0 halberd.
* * * LOW HITPOINT WARNING * * *
You hit the orc warrior.
You tail-slap the orc warrior, but do no damage.
The orc warrior is moderately wounded.
The orc warrior hits you with a +0 halberd!
* * * LOW HITPOINT WARNING * * *
You feel better.
The orc warrior burns!
The orc warrior hits you with a +0 halberd!
* * * LOW HITPOINT WARNING * * *
Okay, then.
As you read the scroll labelled HIPE FUGY YRPH, it crumbles to dust.
It is a scroll of enchant armour.
Your +0 pair of gloves glows green for a moment.
The orc warrior burns!
The orc warrior hits you with a +0 halberd.
* * * LOW HITPOINT WARNING * * *
Press: ? - help, v - describe, . - travel, g - get item
Here: an orc warrior, wielding a +0 halberd and wearing a +0 plate armour (almost dead, covered in liquid flames) Item here: a hound corpse.
An open door, spattered with blood.
Unknown command.
Okay, then.
You hit the orc warrior but do no damage.
The orc warrior is almost dead.
The orc warrior burns!
You kill the orc warrior!
Unknown command.
It was a potion of might.
You feel very mighty all of a sudden.
You closely miss the iguana. The iguana bites you!
You die...

..#$ .##.##.♣...♣.#.
.'##..#.##.♣._.♣.##
#...#.#.##.♣...♣.#.
#.#...#..'.......+.
#.)(.##..####+####.
#.....))...........
..##'##..W#)#............
+....Wl##..#............
#.....#@#.##............
#.....###...############
..#...# .#.. ...... ..
..# ...... .. ..# #####
#.. ..#


You could see a phantom and an iguana.

Vanquished Creatures
  Grinder (D:5)
  Sigmund (D:5)
  Eustachio (D:5)
  An orc warrior (D:6)
  An ogre (D:5)
  2 phantoms
  A necrophage (D:6)
  A scorpion (D:5)
  A water moccasin zombie (D:4)
  A centaur skeleton (D:4)
  Crazy Yiuf (D:5)
  3 hounds
  A jelly (D:6)
  2 gnoll boudas
  3 iguanas
  An orc wizard (D:3)
  5 scorpion zombies (D:4)
  3 hound zombies (D:4)
  8 gnolls
  7 adders
  A shadow imp (D:6)
  2 ufetubi
  4 adder zombies (D:4)
  3 adder skeletons (D:4)
  4 worms
  8 orcs
  2 bats (D:2)
  5 endoplasms
  2 giant cockroaches (D:1)
  7 goblins
  7 hobgoblins
  3 jackals (D:2)
  8 kobolds
  2 quokkas (D:1)
  5 ball pythons
  3 frilled lizards
  2 rats
113 creatures vanquished.

Vanquished Creatures (others)
  A withered plant (D:4)
1 creature vanquished.

Grand Total: 114 creatures vanquished

Notes
Turn   | Place    | Note
-------+----------+-------------------------------------------
     0 | D:1      | hikkokomori the Draconian Transmuter began the quest for
                  | the Orb.
     0 | D:1      | Reached XP level 1. HP: 16/16 MP: 3/3
   233 | D:1      | Reached XP level 2. HP: 20/23 MP: 5/5
   870 | D:2      | Reached XP level 3. HP: 28/29 MP: 4/6
  1084 | D:2      | Reached skill level 2 in Fighting
  1389 | D:3      | Learned a level 2 spell: Wereblood
  1392 | D:3      | Learned a level 2 spell: Passwall
  1435 | D:3      | Reached skill level 1 in Maces & Flails
  1435 | D:3      | Reached XP level 4. HP: 13/36 MP: 5/7
  2383 | D:4      | Found an ornate altar of the Wu Jian Council.
  2448 | D:4      | Reached skill level 1 in Earth Magic
  2448 | D:4      | Reached XP level 5. HP: 40/42 MP: 8/8
  2520 | D:4      | Noticed a phantom
  2593 | D:3      | Killed a phantom
  2594 | D:3      | Reached skill level 3 in Fighting
  2594 | D:3      | Reached XP level 6. HP: 47/51 MP: 9/9
  2682 | D:4      | Identified the +7 mace of Leowkor {drain, rPois Will- Dex+8
                  | Stlth+}
  2766 | D:4      | Found a glowing golden altar of the Shining One.
  2774 | D:4      | Found a shadowy altar of Dithmenos.
  3091 | D:4      | Reached skill level 1 in Stealth
  3242 | D:4      | Your scales start taking on a fiery red colour.
  3242 | D:4      | Reached XP level 7. HP: 56/58 MP: 10/10
  3242 | D:4      | Gained mutation: Your flesh is heat resistant. (rF+) [Red
                  | Draconian growth]
  3360 | D:4      | Learned a level 4 spell: Sticky Flame
  3549 | D:5      | Entered Level 5 of the Dungeon
  3573 | D:5      | Found a sparkling altar of Nemelex Xobeh.
  3603 | D:5      | Noticed Sigmund
  3738 | D:5      | Reached skill level 4 in Fighting
  3763 | D:5      | Killed Sigmund
  3764 | D:5      | Reached skill level 1 in Conjurations
  3764 | D:5      | Reached skill level 1 in Fire Magic
  3789 | D:5      | Noticed Eustachio
  3811 | D:5      | Killed Eustachio
  3811 | D:5      | HP: 1/60 [gnoll/+0 spear[a gnoll bouda] (4)]
  3815 | D:5      | Reached XP level 8. HP: 12/67 MP: 9/11
  4102 | D:5      | Noticed Grinder
  4117 | D:5      | Killed Grinder
  4187 | D:5      | Reached skill level 5 in Fighting
  4282 | D:5      | Found a runed translucent door.
  4283 | D:5      | Noticed Crazy Yiuf
  4357 | D:5      | Found a glowing silver altar of Zin.
  4449 | D:5      | Found a staircase to the Ecumenical Temple.
  4560 | Temple   | Entered the Ecumenical Temple
  4827 | Temple   | Became a worshipper of Ashenzari the Shackled
  4929 | D:5      | Killed Crazy Yiuf
  5142 | D:6      | Found a blossoming altar of Fedhas.
  5157 | D:6      | Found an opulent altar of Gozag.
  5353 | D:6      | Found a shimmering blue altar of Sif Muna.
  5415 | D:6      | Slain by an iguana

Illustrated notes

Levels and vault maps discovered:
D:1:      saegor_arrival_simple_e, layout_loops_ring, dk_noncrumbling_2,
          minivault_4
D:2:      layout_basic
D:3:      layout_basic
D:4:      layout_cave_pods, nzn_wu_jian_contemplation,
          mainiacjoe_overflow_large_starburst, serial_undead, serial_undead_d,
          serial_undead_f, serial_undead_b, serial_undead_a, serial_undead_c,
          serial_undead_f, serial_undead_b, serial_undead_f
D:5:      layout_basic, kennysheep_little_box, mainiacjoe_overflow_tiny_flanked,
          minmay_temple_entry_poolview, uniq_grinder, uniq_sigmund,
          uniq_crazy_yiuf_cottage, uniq_eustachio
D:6:      minmay_clustersquares, layout_gridville,
          nicolae_overflow_hidden_temple, mainiacjoe_overflow_brackets,
          nicolae_hepliaklqana_hippocampus, mainiacjoe_overflow_six_doors_small,
          minmay_misc_feat_more_columns, minmay_fractal_squares_diagonal_5
Temple:   nicolae_temple_figure_zero

Skill      XL: |  1  2  3  4  5  6  7  8 |
---------------+-------------------------+-----
Dodging        | 2 3 |  3.1
Fighting       | 2 3 4 5 |  5.6
Maces & Flails | 1 2 3 4 |  4.7
Earth Magic    | 1 2 |  2.7
Transmutations | 3 |  3.4
Stealth        | 1 2 3 |  3.9
Conjurations   | 1 3 |  3.4
Fire Magic     | 2 4 |  4.2
Unarmed Combat | |  3.3
Spellcasting   | |  2.4

Action                     |  1- 3 |  4- 6 |  7- 9 || total
---------------------------+-------+-------+-------++-------
  Melee: Unarmed           |    10 |       |       ||    10
         Broad axe         |    63 |       |       ||    63
         Tailslap          |     7 |    19 |    24 ||    50
         Headbutt          |     4 |       |       ||     4
         Kick              |     4 |       |       ||     4
         Whip              |    62 |   166 |   149 ||   377
         Punch             |     1 |     4 |     5 ||    10
   Cast: Beastly Appendage |    15 |       |     2 ||    17
         Wereblood         |     1 |     1 |     2 ||     4
         Sticky Flame      |       |       |     1 ||     1
Ability: Breathe Fire      |       |       |    10 ||    10
    Use: Scroll            |       |     5 |     4 ||     9
         Potion            |       |       |     3 ||     3
   Stab: Sleeping          |     1 |     1 |     3 ||     5
 Armour: Skin              |    47 |    79 |    49 ||   175
  Dodge: Dodged            |    77 |    94 |   121 ||   292

Table legend: (Time is in decaauts)
 A = Elapsed time spent in this place.
 B = Non-inter-level travel time spent in this place.
 C = Inter-level travel time spent in this place.
 D = Time resting spent in this place.
 E = Time spent auto-exploring this place.
 F = Levels seen in this place.
 G = Mean time per level.
                   A        B        C        D        E       F      G
               +--------+--------+--------+--------+--------+-----+--------+
         Total |   5451 |   5150 |    301 |     59 |   4086 |   7 |  778.7 |
       Dungeon |   5169 |   4880 |    289 |     59 |   3845 |   6 |  861.5 |
        Temple |    282 |    271 |     11 |      0 |    241 |   1 |  282.0 |
               +--------+--------+--------+--------+--------+-----+--------+

Top non-repeatable levels by time:
     D:5: 1238 daAuts
     D:4: 1167 daAuts
     D:3: 1125 daAuts
     D:1: 804 daAuts
     D:2: 502 daAuts
     D:6: 331 daAuts
  Temple: 282 daAuts
